[Event "Early-Titled-Tuesday-Blitz-March-05-2024"]
[Site "Chess.com"]
[Date "2024.03.05"]
[Round "11"]
[White "mbchess97"]
[Black "AccioChess"]
[Result "0-1"]
[WhiteElo "2494"]
[BlackElo "2395"]
[TimeControl "180+1"]
[EndTime "10:08:28 PST"]
[Termination "AccioChess won by resignation"]

1. c4 Nf6 2. g3 g6 3. Bg2 Bg7 4.
Nc3 O-O 5. d4 d6 6. h3 e5 7. Nf3 Nc6 8. dxe5 dxe5 9. O-O h6 10.
Be3 Qe7 11. Nd5 Nxd5 12. cxd5 Rd8 13. Nd2 Nd4 14. Rc1 c6 15. dxc6 bxc6 16. Bxd4 exd4 17.
Rxc6 Bb7 18. Rc2 Bxg2 19. Kxg2 d3 20. exd3 Rxd3 21. Re1 Qb7+ 22. Kg1 Bd4 23. Qg4 h5 24. Qf4 Rc8 25. Rxc8+ Qxc8 26. Nf3 Bxb2 27. Rb1 Qc2 28. Qb8+ Kg7 29. Rxb2 Qd1+ 30. Kg2 Qxf3+ 31. Kh2 Rd1 32. Qe5+ Kh7 0-1

[Event "Early-Titled-Tuesday-Blitz-March-05-2024"]
[Site "Chess.com"]
[Date "2024.03.05"]
[Round "11"]
[White "Gryffindorac8"]
[Black "Pelusiansky"]
[Result "1-0"]
[WhiteElo "2397"]
[BlackElo "2563"]
[TimeControl "180+1"]
[EndTime "10:08:29 PST"]
[Termination "Gryffindorac8 won on time"]

1. d4 d5 2. c4 e6 3. Nf3 a6 4.
g3 Nf6 5. Bg2 Be7 6. O-O O-O 7.
Qc2 dxc4 8. a4 Nbd7 9. Nbd2 Rb8 10. Nxc4 Nb6 11. b3 Bd7 12. Nfe5 Nbd5 13. Rd1 Be8 14. e4 Nb4 15. Qe2 Nd7 16. Nf3 b5 17. axb5 axb5 18. Na5 c5 19. Bd2 Qb6 20. Bxb4 cxb4 21. d5 Nc5 22.
Nd4 Bf6 23. e5 Bd8 24. d6 Bd7 25. Nac6 Bxc6 26. Nxc6 Nxb3 27. Rab1 Na5 28. Nxb8 b3 29. Nd7 1-0

[Event "Early-Titled-Tuesday-Blitz-March-05-2024"]
[Site "Chess.com"]
[Date "2024.03.05"]
[Round "11"]
[White "Cambek64"]
[Black "GlavkonVVS"]
[Result "1-0"]
[WhiteElo "2466"]
[BlackElo "2543"]
[TimeControl "180+1"]
[EndTime "10:08:30 PST"]
[Termination "Cambek64 won by resignation"]

1. e4 Nf6 2. e5 Nd5 3. d4 d6 4. c4 Nb6 5. exd6 cxd6 6. Be3 g6 7. Nc3 Bg7 8. Rc1 O-O 9. b3 f5 10. d5 e5 11. dxe6 Nc6 12. Nge2 Bxe6 13. Nf4 Bf7 14.
h4 Qf6 15. g3 Qxc3+ 16. Rxc3 Bxc3+ 17. Ke2 Rfe8 18. Kf3 d5 19. cxd5 Rad8 20. Bc4 Ne5+ 21. Kg2 Nbxc4 22. bxc4 Nxc4 23. Bxa7 Be5 24. Re1 Bxf4 25.
gxf4 Bxd5+ 26. Qxd5+ Rxd5 27. Rxe8+ Kf7 28. Rh8 Kg7 29.
Rc8 b5 30. a4 Nd6 31. Rd8 bxa4 32. Bb8 a3 33. Rxd6 Rxd6 34. Bxd6 a2 35. Be5+ Kh6 36.
Bf6 Kh5 37. Kg3 h6 38. f3 g5 39. fxg5 hxg5 40. hxg5 a1=Q 41. Bxa1 Kxg5 1-0

[Event "Early-Titled-Tuesday-Blitz-March-05-2024"]
[Site "Chess.com"]
[Date "2024.03.05"]
[Round "11"]
[White "RodokininEV"]
[Black "UnTucopalaTimba"]
[Result "1-0"]
[WhiteElo "2677"]
[BlackElo "1987"]
[TimeControl "180+1"]
[EndTime "10:08:30 PST"]
[Termination "RodokininEV won by resignation"]

1. e4 c6 2. d3 d5 3. Nd2 dxe4 4.
dxe4 e5 5. Ngf3 Qc7 6. Bc4 Bg4 7.
h3 Bh5 8. a4 Nf6 9. Qe2 Bc5 10.
Nf1 Nbd7 11. Ng3 Bg6 12. a5 O-O 13. c3 b5 14. Bb3 b4 15. O-O bxc3 16. bxc3 Rab8 17.
Bc4 a6 18. Nh4 Rfe8 19. Qf3 Be7 20. Nhf5 Nc5 21. Be3 Bxf5 22. Nxf5 Nfxe4 23. Qg4 Bf6 24. Nh6+ Kf8 25. Nxf7 Re7 26. Qh5 Rxf7 27. Bxf7 Qxf7 28.
Qxh7 Ke7 29. f3 Bg5 30. Rae1 Bxe3+ 31. Rxe3 Nf6 32. Qh4 Nd7 33. f4 Rb5 34. Rfe1 e4 35. Rxe4+ Kf8 36. Re8+ Nxe8 37. Qh8+ Qg8 38. Rxe8+ Kxe8 39. Qxg8+ 1-0

[Event "Early-Titled-Tuesday-Blitz-March-05-2024"]
[Site "Chess.com"]
[Date "2024.03.05"]
[Round "11"]
[White "Practical-Play"]
[Black "Bkmzzzzz"]
[Result "1-0"]
[WhiteElo "2535"]
[BlackElo "2429"]
[TimeControl "180+1"]
[EndTime "10:08:33 PST"]
[Termination "Practical-Play won by resignation"]

1. d4 d5 2. Bf4 e6 3. Nf3 Bd6 4. Bg3 Nf6 5. e3 Ne4 6. Bd3 O-O 7. Nbd2 f5 8. c3 c5 9. Bxd6 Qxd6 10. Ne5 Nc6 11. f4 Nxe5 12. fxe5 Qe7 13. O-O Bd7 14. Nf3 Be8 15. Qe1 Bh5 16. c4 Rfd8 17. cxd5 Rxd5 18. Bc4 Rdd8 19. Qh4 Qxh4 20. Bxe6+ Bf7 21. Bxf7+ Kxf7 22. Nxh4 g6 23. Rad1 cxd4 24. exd4 Ke6 25. g4 fxg4 26. Rf4 Kd5 27. Ng2 h5 28. Ne3+ Ke6 29. Rxe4 g5 30.
d5+ 1-0

[Event "Early-Titled-Tuesday-Blitz-March-05-2024"]
[Site "Chess.com"]
[Date "2024.03.05"]
[Round "11"]
[White "Bekkedahl"]
[Black "yonaltimur"]
[Result "0-1"]
[WhiteElo "2202"]
[BlackElo "2355"]
[TimeControl "180+1"]
[EndTime "10:08:34 PST"]
[Termination "yonaltimur won by checkmate"]

1. e4 c5 2. Nf3 d6 3. Bb5+ Bd7 4. Bxd7+ Qxd7 5. O-O Nc6 6. Re1 Nf6 7. c3 e6 8. d4 cxd4 9. cxd4 d5 10. e5 Ne4 11.
Nbd2 Nxd2 12. Bxd2 Be7 13. Rc1 O-O 14. Rc3 Rfc8 15.
a3 Qd8 16. Rd3 b5 17. h4 a5 18. Ng5 h6 19. Nh3 b4 20. Qh5 Bf8 21. Rg3 Ne7 22.
Bxh6 Nf5 23. Bxg7 Bxg7 24. Ng5 Nxg3 25. Qxf7+ Kh8 26. fxg3 Qe8 27. Qf3 Qg6 28. Rf1 Rf8 29. Qg4 Rxf1+ 30. Kxf1 Qb1+ 31. Ke2 Qc2+ 32. Ke3 Rf8 33.
Nxe6 Qf2+ 34. Kd3 Qf1+ 35. Ke3 Bh6+ 36. Ng5 Rf2 37. Qc8+ Bf8 38. Qe6 Qe1+ 39. Kd3 Qd2# 0-1

[Event "Early-Titled-Tuesday-Blitz-March-05-2024"]
[Site "Chess.com"]
[Date "2024.03.05"]
[Round "11"]
[White "amylazy"]
[Black "KononenkoD"]
[Result "0-1"]
[WhiteElo "2430"]
[BlackElo "2620"]
[TimeControl "180+1"]
[EndTime "10:08:35 PST"]
[Termination "KononenkoD won by resignation"]

1. d4 Nf6 2. Nf3 g6 3. g3 d5 4. Bg2 Bg7 5. O-O O-O 6. c4 c5 7.
cxd5 cxd4 8. Nxd4 Nxd5 9. Nc3 Nxc3 10. bxc3 a6 11. Ba3 Qc7 12. Qb3 Ra7 13. Qb4 Re8 14. Qc5 b6 15. Qxc7 Rxc7 16. Rac1 Bb7 17. e4 Nd7 18.
Rfd1 b5 19. Bb4 Ne5 20. Ba5 Rcc8 21. Nb3 Nc4 22. Bb4 Bc6 23. Na5 Nxa5 24. Bxa5 e6 25. f4 Bf8 26. Bb4 Red8 27. e5 Bxg2 28. Kxg2 Rxd1 29. Rxd1 Bxb4 30. cxb4 Rc2+ 31. Kh3 Rxa2 32. Rd6 h5 33. Kh4 Rxh2+ 34. Kg5 Kg7 35. Rxa6 Rh3 36.
Ra3 h4 37. Kg4 Rxg3+ 38. Rxg3 hxg3 39. Kxg3 f6 40. Kg4 fxe5 41. fxe5 Kh6 42. Kh4 g5+ 43. Kg4 Kg6 44. Kg3 Kf5 0-1

[Event "Early-Titled-Tuesday-Blitz-March-05-2024"]
[Site "Chess.com"]
[Date "2024.03.05"]
[Round "11"]
[White "Hui_Li_Macau"]
[Black "Casper"]
[Result "0-1"]
[WhiteElo "2393"]
[BlackElo "2518"]
[TimeControl "180+1"]
[EndTime "10:08:36 PST"]
[Termination "Casper won on time"]

1. e4 g6 2. d4 Bg7 3. Nc3 d6 4.
Nf3 Bg4 5. Be2 Nf6 6. O-O O-O 7. Be3 Nc6 8. d5 Bxf3 9. Bxf3 Ne5 10. Be2 e6 11. dxe6 fxe6 12. f4 Ned7 13. Bc4 Qe7 14. f5 gxf5 15. exf5 d5 16. Bb3 c6 17. fxe6 Qxe6 18.
Bd4 Rae8 19. Qd3 Ne5 20. Qg3 Ng6 21. Rae1 Qd7 22. Rxe8 Qxe8 23. Bc5 Nh5 24. Qe1 Rxf1+ 25. Kxf1 Qf7+ 26. Qf2 b6 27. Qxf7+ Kxf7 28. Bf2 Bxc3 29. bxc3 b5 30. a4 a6 31. axb5 axb5 32. Ba2 Nf6 33.
Ke2 Ne4 34. Bd4 Nf4+ 35. Kf3 Ne6 36. Ke3 Nd6 37. Be5 Nf5+ 38. Kf3 Kg6 39. g3 Ng5+ 40. Kf2 Ne4+ 41. Ke2 Kg5 42. Kf1 Kg4 43. Kg2 Ne3+ 0-1

[Event "Early-Titled-Tuesday-Blitz-March-05-2024"]
[Site "Chess.com"]
[Date "2024.03.05"]
[Round "11"]
[White "ZCorrales"]
[Black "chupitroko32"]
[Result "0-1"]
[WhiteElo "2223"]
[BlackElo "2376"]
[TimeControl "180+1"]
[EndTime "10:08:36 PST"]
[Termination "chupitroko32 won on time"]

1. e4 d5 2. exd5 Qxd5 3. Nc3 Qd8 4. d4 Nf6 5. Nf3 Bg4 6. Be2 e6 7. O-O c6 8. h3 Bh5 9. Be3 Nbd7 10. Ne5 Bxe2 11. Qxe2 Be7 12. Rad1 O-O 13. Nxd7 Qxd7 14. Bg5 Rfd8 15. Ne4 Nxe4 16. Bxe7 Nc3 17. bxc3 Qxe7 18. Rd3 Rd5 19. Rg3 Ra5 20. Qg4 g6 21. Rb1 Rxa2 22.
h4 a5 23. h5 a4 24. hxg6 fxg6 25. Qe4 a3 26. Rxg6+ hxg6 27. Qxg6+ Kf8 28. Qh6+ Qg7 29. Qxe6 Rb2 30. Qd6+ Kg8 31. Qe6+ Qf7 32. Qg4+ Kf8 33. Re1 a2 34. Qh4 Qg7 35. Qf4+ Kg8 36. Qf5 a1=Q 37.
Qe6+ Qf7 38. Qg4+ Kf8 0-1

[Event "Early-Titled-Tuesday-Blitz-March-05-2024"]
[Site "Chess.com"]
[Date "2024.03.05"]
[Round "11"]
[White "Defenstrator"]
[Black "Kumi29"]
[Result "1/2-1/2"]
[WhiteElo "2454"]
[BlackElo "2588"]
[TimeControl "180+1"]
[EndTime "10:08:37 PST"]
[Termination "Game drawn by repetition"]

1. e4 e6 2. d4 d5 3. Nc3 dxe4 4.
Nxe4 Nd7 5. Nf3 Ngf6 6. Nxf6+ Nxf6 7. Bb5+ c6 8. Bd3 c5 9. Bb5+ Bd7 10. Bxd7+ Qxd7 11. O-O cxd4 12. Qxd4 Qxd4 13. Nxd4 Be7 14. Bg5 O-O 15. Rad1 Rac8 16. c3 a6 17. Nf3 Rfd8 18. Ne5 h6 19. Bh4 g5 20. Bg3 Ne4 21. Nf3 Nxg3 22. hxg3 Bc5 23. Rd2 Rxd2 24. Nxd2 Rd8 25. Ne4 Be7 26. f4 f5 27. Nf2 Rd2 28. Nd1 Bc5+ 29. Kh2 g4 30. Re1 Kf7 31. Ne3 Bxe3 32. Rxe3 Rxb2 33. Rd3 Ke7 34. a4 Rb3 35. Rd4 Rxc3 36.
Rb4 Rc7 37. a5 Kd6 38. Rb6+ Kd5 39. Kg1 Rc5 40. Rxb7 Rxa5 41. Rh7 Ra1+ 42. Kh2 a5 43. Rd7+ Ke4 44. Rd4+ Ke3 45. Rd3+ Kf2 46. Rd2+ Ke3 47.
Rd3+ Ke4 48. Rd4+ Ke3 49. Rd3+ 1/2-1/2

[Event "Early-Titled-Tuesday-Blitz-March-05-2024"]
[Site "Chess.com"]
[Date "2024.03.05"]
[Round "11"]
[White "AA95"]
[Black "Hope_6"]
[Result "0-1"]
[WhiteElo "2492"]
[BlackElo "2785"]
[TimeControl "180+1"]
[EndTime "10:08:38 PST"]
[Termination "Hope_6 won by resignation"]

1. Nf3 d5 2. g3 b6 3. Bg2 Bb7 4.
O-O e6 5. d4 Nf6 6. Ne5 Be7 7.
c4 O-O 8. Nc3 Nbd7 9. cxd5 Nxe5 10. dxe5 Nxd5 11. Qb3 Nxc3 12. Bxb7 Nxe2+ 13. Kg2 Rb8 14. Rd1 Nd4 15. Qc4 Rxb7 16. Rxd4 Qe8 17. Be3 Bc5 18. Rd3 Bxe3 19. fxe3 c5 20. Rd6 Rd7 21. Rad1 Rxd6 22. Rxd6 Qa8+ 23. e4 Rc8 24. Kf3 Qb7 25.
Qb5 h6 26. Rd7 Qb8 27. Qa6 Rd8 28. Rxd8+ Qxd8 29. Qxa7 Qd3+ 30. Kf2 Qd4+ 31. Kf3 Qxb2 32. Qb8+ Kh7 33. Qc7 Kg6 34. h4 h5 35. Qd8 Qc3+ 36. Kf4 Qc1+ 37. Kf3 b5 38. Qg5+ Qxg5 39. hxg5 Kxg5 40. Kf2 Kg4 41. Kg2 b4 42. Kf2 c4 0-1

[Event "Early-Titled-Tuesday-Blitz-March-05-2024"]
[Site "Chess.com"]
[Date "2024.03.05"]
[Round "11"]
[White "TigrVShlyape"]
[Black "AlexPapasimakopoulos"]
[Result "1-0"]
[WhiteElo "2873"]
[BlackElo "2745"]
[TimeControl "180+1"]
[EndTime "10:08:39 PST"]
[Termination "TigrVShlyape won by resignation"]

1. d4 c5 2. d5 d6 3. Nc3 Nf6 4. e4 g6 5. Nf3 Bg7 6. Be2 O-O 7.
O-O Bg4 8. Nd2 Bxe2 9. Qxe2 Nbd7 10. a4 Ne8 11. Nc4 Nb6 12. Ne3 Nd7 13. Bd2 b6 14. Kh1 a6 15. f4 Nc7 16. f5 Rb8 17. Ng4 b5 18. Nh6+ Bxh6 19. Bxh6 f6 20. Bxf8 Kxf8 21. axb5 axb5 22. Qe3 Kg7 23. Ne2 g5 24. Ra7 Ra8 25. Qa3 b4 26. Qa5 Rxa7 27. Qxa7 Ne5 28. Qb7 Kf7 29.
Ra1 Ne8 30. Ra7 Nc4 31. b3 Ne3 32. c3 bxc3 33. Nxc3 Ng4 34. h3 Ne5 35. Nb5 h5 36.
Ra8 Qd7 37. Qb8 c4 38. bxc4 Nxc4 39. Ra7 Ne5 40. Rxd7 Nxd7 41. Qc8 Nc5 42. Nd4 h4 43.
Nc6 Kf8 44. Qd8 1-0

[Event "Early-Titled-Tuesday-Blitz-March-05-2024"]
[Site "Chess.com"]
[Date "2024.03.05"]
[Round "11"]
[White "Statham_01"]
[Black "vovachesss"]
[Result "1-0"]
[WhiteElo "2578"]
[BlackElo "2782"]
[TimeControl "180+1"]
[EndTime "10:08:39 PST"]
[Termination "Statham_01 won on time"]

1. e4 c5 2. Nf3 e6 3. d4 cxd4 4.
Nxd4 a6 5. Nc3 Nc6 6. Nxc6 bxc6 7. Bd3 d5 8. O-O Nf6 9. e5 Nd7 10. Bf4 g5 11. Bg3 h5 12. h3 Bg7 13. Qe2 Qb6 14.
Rab1 c5 15. b3 Bb7 16. Kh1 O-O-O 17. a4 g4 18. h4 f6 19. exf6 Bxf6 20. a5 Qc6 21.
Nb5 axb5 22. Bxb5 d4 23. Bxc6 Bxc6 24. Qxe6 Kb7 25. a6+ Kb6 26. b4 c4 27. b5 1-0

[Event "Early-Titled-Tuesday-Blitz-March-05-2024"]
[Site "Chess.com"]
[Date "2024.03.05"]
[Round "11"]
[White "NM_Antelacus"]
[Black "ploxoi"]
[Result "0-1"]
[WhiteElo "2284"]
[BlackElo "2444"]
[TimeControl "180+1"]
[EndTime "10:08:40 PST"]
[Termination "ploxoi won on time"]

1. e4 e6 2. d4 d5 3. e5 c5 4. c3 Nc6 5. Nf3 Qb6 6. a3 Bd7 7.
b4 cxd4 8. cxd4 Rc8 9. Bb2 Na5 10. Nc3 Nc4 11. Qb3 a5 12. b5 Nxb2 13. Qxb2 a4 14. Bd3 Qa5 15. Rc1 Ne7 16. O-O Rc7 17. Ne2 Rxc1 18.
Rxc1 Nc8 19. Rc3 Be7 20. h4 Nb6 21. g3 O-O 22. Ng5 h6 23. Nh3 Rc8 24. Rxc8+ Nxc8 25. Nhf4 Nb6 26. Nc3 Qa7 27. Nfe2 Qb8 28. Qc2 Qa7 29.
Qb2 Qa8 30. Kg2 Qc8 31. Nc1 Nc4 32. Bxc4 Qxc4 33. N1e2 Kf8 34. Kf1 Ke8 35. Ke1 Kd8 36. Kd2 Kc7 37. Ke3 Kb6 38. f4 Bxb5 39. Nxb5 Qxb5 40.
Qxb5+ Kxb5 41. Nc3+ Ka5 42. Nb1 b5 43. Kd3 b4 44.
axb4+ Bxb4 45. Kc2 Kb5 46. g4 g6 47. h5 gxh5 48.
gxh5 Kc4 0-1

[Event "Early-Titled-Tuesday-Blitz-March-05-2024"]
[Site "Chess.com"]
[Date "2024.03.05"]
[Round "11"]
[White "klercaku"]
[Black "tarno17"]
[Result "0-1"]
[WhiteElo "2206"]
[BlackElo "2191"]
[TimeControl "180+1"]
[EndTime "10:08:42 PST"]
[Termination "tarno17 won by checkmate"]

1. e4 c5 2. Nf3 e6 3. d4 cxd4 4. Nxd4 a6 5. Nc3 Qc7 6. a3 b5 7. Be3 Bb7 8. Be2 Nf6 9. Bf3 d6 10. O-O Be7 11. h3 Nc6 12. Qd2 Ne5 13. Qe2 O-O 14. Nd1 Nxf3+ 15. gxf3 d5 16. exd5 Nxd5 17.
Kh1 Rad8 18. Rg1 Nf4 19. Qf1 Rxd4 20. Bxd4 Bxf3+ 21. Kh2 Ng2+ 22. Kh1 Ne3+ 23. Rg2 Bxg2+ 24. Qxg2 Nxg2 25. Kxg2 Rd8 26. Bc3 Bf6 27. Bxf6 gxf6 28.
Ne3 Rd2 29. Kf3 Qc6+ 30. Kg3 Qe4 31. Rg1 Kf8 32. Kh2 Rxf2+ 33. Ng2 Qe5+ 34. Kh1 Rf3 35. h4 Rh3# 0-1

[Event "Early-Titled-Tuesday-Blitz-March-05-2024"]
[Site "Chess.com"]
[Date "2024.03.05"]
[Round "11"]
[White "xasid81"]
[Black "Veganator13"]
[Result "0-1"]
[WhiteElo "2564"]
[BlackElo "2410"]
[TimeControl "180+1"]
[EndTime "10:08:43 PST"]
[Termination "Veganator13 won by checkmate"]

1. h4 h5 2. Nf3 g6 3. g3 Bg7 4. e4 c5 5. Bg2 Nc6 6. c3 e5 7. d3 d6 8. Be3 Bg4 9. Nbd2 Nge7 10. Qc2 Rc8 11. Nh2 Be6 12. O-O Qd7 13. f4 Bh3 14. Nc4 Bxg2 15. Qxg2 b5 16. Nd2 exf4 17. gxf4 f5 18.
Rae1 O-O 19. Nhf3 Nd8 20. Ng5 Nf7 21. Ndf3 Nh6 22. e5 Ng4 23. d4 Nd5 24. Bd2 cxd4 25. Nxd4 dxe5 26. Nde6 e4 27. Nxf8 Rxf8 28. Nxe4 fxe4 29.
Qxe4 Ndf6 30. Qe6+ Qxe6 31. Rxe6 Rd8 32. Bc1 Nh6 33. f5 Nxf5 34. Bg5 Kf7 35. Ra6 Rd7 36. a4 bxa4 37. Rxa4 Ng4 38. Rfa1 Be5 39. Rxa7 Rxa7 40. Rxa7+ Ke6 41. Ra6+ Kd5 42. Rxg6 Ke4 43. Re6 Kf3 44. Kf1 Bg3 45. Kg1 Bf2+ 46. Kh1 Ng3# 0-1

[Event "Early-Titled-Tuesday-Blitz-March-05-2024"]
[Site "Chess.com"]
[Date "2024.03.05"]
[Round "11"]
[White "tylityli"]
[Black "lluiss"]
[Result "1-0"]
[WhiteElo "2309"]
[BlackElo "2166"]
[TimeControl "180+1"]
[EndTime "10:08:48 PST"]
[Termination "tylityli won on time"]

1. d4 Nf6 2. c4 g6 3. Nc3 d5 4. cxd5 Nxd5 5. Bd2 Nb6 6. Bf4 Bg7 7. e3 O-O 8. Nf3 c5 9. dxc5 N6d7 10. Be2 Nxc5 11.
O-O Nc6 12. Rc1 Bf5 13. Nd5 Ne4 14. b4 Be6 15. Nc7 Nxb4 16. Nxa8 Qxa8 17. a3 Nd5 18.
Be5 Ndc3 19. Qe1 Bxe5 20. Nxe5 Qb8 21. Nd3 Nxe2+ 22. Qxe2 Qd6 23. Nf4 Bf5 24. a4 Nc5 25.
Qa2 b6 26. Rfd1 Qf6 27. h3 Qg5 28. Kh2 e5 29. Nd5 Be4 30. f3 1-0

[Event "Early-Titled-Tuesday-Blitz-March-05-2024"]
[Site "Chess.com"]
[Date "2024.03.05"]
[Round "11"]
[White "Dyadya81"]
[Black "nihalsarin"]
[Result "0-1"]
[WhiteElo "2892"]
[BlackElo "3172"]
[TimeControl "180+1"]
[EndTime "10:08:49 PST"]
[Termination "nihalsarin won by resignation"]

1. e4 e6 2. d4 d5 3. exd5 exd5 4. Nf3 Bd6 5. Bd3 Ne7 6. O-O O-O 7. c3 Bf5 8. Re1 Bxd3 9. Qxd3 c6 10. Bg5 f6 11.
Bh4 Qd7 12. Bg3 Bxg3 13. hxg3 Na6 14. Nbd2 Nc7 15. Re2 Rfe8 16. Rae1 Qf5 17. Qxf5 Nxf5 18. Rxe8+ Nxe8 19. g4 Nfd6 20. g5 Kf7 21. gxf6 gxf6 22. g3 a5 23. Kg2 a4 24. Rh1 Kg8 25. Ne1 a3 26. b3 Nb5 27. Nb1 Ned6 28. f3 Re8 29.
Kf2 Nf5 30. Nc2 Kg7 31. g4 Ne7 32. Re1 Kf7 33. Rh1 Kg7 34. Re1 Kf7 35. c4 dxc4 36. bxc4 Nd6 37. Nbxa3 Ra8 38. Re3 Ra4 39. Rc3 f5 40. Ke3 fxg4 41. fxg4 b5 42. Kd2 Ne4+ 43. Kd3 Nxc3 44. Kxc3 bxc4 45. Nxc4 Rxa2 46. Nb4 Nd5+ 47. Kb3 Nxb4 48. Kxb4 Ke6 49. Kc5 Rc2 50. Kb4 Rc1 51. Ne3 Re1 52. Nf5 Kd5 53. Kc3 Re4 54. Kd3 Rf4 55.
Ne7+ Kd6 56. Nf5+ Ke6 57. Ne3 Kf6 58. Kc4 Kg5 59. Kc5 Re4 60. Nc4 Kxg4 61. Ne5+ Kf5 62.
Nxc6 h5 63. d5 h4 64. d6 Ke6 65. Nb8 h3 66. d7 Re5+ 67. Kc6 Rd5 68. Na6 Rxd7 69.
Nc5+ Kf5 0-1

[Event "Early-Titled-Tuesday-Blitz-March-05-2024"]
[Site "Chess.com"]
[Date "2024.03.05"]
[Round "11"]
[White "bazar-wokzal"]
[Black "GilbertoHernandezAmura"]
[Result "1-0"]
[WhiteElo "2583"]
[BlackElo "2456"]
[TimeControl "180+1"]
[EndTime "10:08:52 PST"]
[Termination "bazar-wokzal won by resignation"]

1. e4 g6 2. Nc3 Bg7 3. h4 c5 4.
h5 Nc6 5. Bc4 e6 6. d3 Nge7 7.
h6 Bf6 8. f4 d5 9. Bb3 Bxc3+ 10. bxc3 dxe4 11. dxe4 Qxd1+ 12. Kxd1 b6 13. Nf3 Bb7 14.
Ke2 a6 15. c4 O-O-O 16. Bb2 Nd4+ 17. Bxd4 cxd4 18. Ng5 Rdf8 19. c5 bxc5 20. Nxf7 Rxf7 21. Bxe6+ Kc7 22. Bxf7 Bxe4 23. Kd2 Bxg2 24. Rhe1 Nf5 25. Re5 Kc6 26. Bc4 Ne3 27. Bxa6 c4 28. a4 c3+ 29. Kd3 Bf1+ 30. Rxf1 Nxf1 31. Kxd4 Ng3 32. Bd3 Rf8 33. Ke3 Kd6 34. a5 Nh5 35. Re4 Nf6 36. Ra4 Ng4+ 37.
Kf3 Nxh6 38. a6 Ra8 39. a7 Nf5 40. Be4 1-0

[Event "Early-Titled-Tuesday-Blitz-March-05-2024"]
[Site "Chess.com"]
[Date "2024.03.05"]
[Round "11"]
[White "Abund"]
[Black "Jumbo"]
[Result "1-0"]
[WhiteElo "2794"]
[BlackElo "2907"]
[TimeControl "180+1"]
[EndTime "10:08:53 PST"]
[Termination "Abund won on time"]

1. e4 c6 2. d4 d5 3. exd5 cxd5 4.
Bd3 Nc6 5. c3 Qc7 6. h3 e6 7. Nf3 Bd6 8. O-O Nge7 9. Re1 h6 10.
Qe2 a6 11. Nbd2 O-O 12. Nf1 f6 13. c4 Bd7 14. a3 Rae8 15. Ne3 Bf4 16. Bd2 Qb8 17. Bc2 b5 18. b3 Qb6 19. Qd3 f5 20. Nxd5 exd5 21. Bxf4 Rf6 22. c5 Qd8 23. b4 g5 24. Bd6 Ng6 25. Ne5 Nf4 26. Qd2 1-0

[Event "Early-Titled-Tuesday-Blitz-March-05-2024"]
[Site "Chess.com"]
[Date "2024.03.05"]
[Round "11"]
[White "bancsoo"]
[Black "baki83"]
[Result "0-1"]
[WhiteElo "2905"]
[BlackElo "2814"]
[TimeControl "180+1"]
[EndTime "10:08:54 PST"]
[Termination "baki83 won by resignation"]

1. Nf3 Nf6 2. d4 d5 3. c3 e6 4.
Bf4 b6 5. e3 Bb7 6. Bd3 Nbd7 7.
Nbd2 Ne4 8. a4 a6 9. h3 f5 10. g4 Bd6 11. Bxd6 cxd6 12. gxf5 exf5 13. Qb3 Qe7 14.
O-O-O Nxf2 15. Bxf5 O-O 16. e4 Kh8 17. Bxd7 Qxd7 18. e5 b5 19. exd6 Qxd6 20. Ne5 Nxh1 21. Rxh1 Bc6 22. a5 Be8 23. Kb1 Bh5 24. Ka1 Rf2 25.
Nb1 Raf8 26. Ka2 Be2 27. Na3 Bc4 28. Naxc4 dxc4 29. Qd1 Qc7 30. Rg1 Qxa5+ 31. Kb1 Rxb2+ 32. Kxb2 Rf2+ 0-1

[Event "Early-Titled-Tuesday-Blitz-March-05-2024"]
[Site "Chess.com"]
[Date "2024.03.05"]
[Round "11"]
[White "GMSrinath"]
[Black "1mbl4"]
[Result "1-0"]
[WhiteElo "2813"]
[BlackElo "2627"]
[TimeControl "180+1"]
[EndTime "10:08:56 PST"]
[Termination "GMSrinath won by resignation"]

1. Nf3 Nf6 2. c4 g6 3. b3 Bg7 4. Bb2 O-O 5. g3 d6 6. Bg2 e5 7. O-O Re8 8. d3 Nc6 9. Nc3 Bg4 10. h3 Bxf3 11. Bxf3 Qd7 12. Bg2 Rab8 13. e3 Ne7 14. Qd2 d5 15. cxd5 Nexd5 16. Nxd5 Nxd5 17. Rac1 c6 18.
Rfd1 Rbd8 19. a3 Nb6 20. Qc2 h5 21. h4 Nd5 22. d4 exd4 23. Bxd4 Bxd4 24. Rxd4 Qe7 25.
Bxd5 Rxd5 26. Rxd5 cxd5 27. b4 Rd8 28. Qc7 Qd7 29.
Qxd7 Rxd7 30. Kf1 Kf8 31. Ke2 Ke7 32. Kd3 Kd6 33. Kd4 Rd8 34. Rc5 Ke6 35. Rc7 a5 36. b5 Kf5 37. Rxf7+ Kg4 38. Rxb7 Kf3 39. Rf7+ Ke2 40.
b6 Kd2 41. b7 Kc2 42. Rc7+ Kb3 43. Rc8 1-0

[Event "Early-Titled-Tuesday-Blitz-March-05-2024"]
[Site "Chess.com"]
[Date "2024.03.05"]
[Round "11"]
[White "UK_23"]
[Black "Ralf61"]
[Result "0-1"]
[WhiteElo "2350"]
[BlackElo "2537"]
[TimeControl "180+1"]
[EndTime "10:08:57 PST"]
[Termination "Ralf61 won by resignation"]

1. d4 Nf6 2. Nf3 e6 3. g3 b5 4. Bg2 Bb7 5. O-O c5 6. a4 b4 7. Nbd2 cxd4 8. Nxd4 Bxg2 9. Kxg2 Qb6 10. e3 Qb7+ 11. Qf3 d5 12. Re1 Nbd7 13. e4 Ne5 14. Qe2 dxe4 15. Nxe4 Be7 16. Bf4 Ng6 17. Qb5+ Qxb5 18.
Nxb5 Nxf4+ 19. gxf4 O-O 20. Rad1 Rfc8 21. c3 Nxe4 22.
Rxe4 a6 23. Nd6 Bxd6 24. Rxd6 bxc3 25. bxc3 Rxc3 26. Red4 g6 27. Rd8+ Rxd8 28. Rxd8+ Kg7 29. Rd6 a5 30. Ra6 Rc5 31. Kf3 Kf6 32. Ra7 h6 33. h4 Rc3+ 34. Kg2 Rc4 35. Rxa5 Rxf4 36.
Kg3 Rc4 37. Ra7 h5 38. a5 Rg4+ 39. Kh3 e5 40. f3 Ra4 41. Kg3 Ke6 42. a6 f6 43. Ra8 Kf5 44. Ra7 Ra3 45. Kg2 Kf4 46. Rg7 Rxa6 47. Rxg6 Ra2+ 48. Kf1 f5 49. Rg5 Ra3 50.
Rxh5 Rxf3+ 51. Kg2 Rg3+ 52. Kf2 Rg4 53. Rh8 e4 54. h5 e3+ 55. Ke2 Rg2+ 56. Ke1 Kf3 0-1

[Event "Early-Titled-Tuesday-Blitz-March-05-2024"]
[Site "Chess.com"]
[Date "2024.03.05"]
[Round "11"]
[White "wannabe2700"]
[Black "Iball95"]
[Result "1-0"]
[WhiteElo "2796"]
[BlackElo "2894"]
[TimeControl "180+1"]
[EndTime "10:08:58 PST"]
[Termination "wannabe2700 won by checkmate"]

1. b3 d5 2. Bb2 Nf6 3. Nf3 e6 4.
g3 Be7 5. Bg2 O-O 6. O-O c5 7.
c4 Nc6 8. cxd5 exd5 9. d4 Ne4 10.
dxc5 Bxc5 11. Nc3 Nxc3 12. Bxc3 d4 13. Bb2 Re8 14. Rc1 Bb6 15. Qd2 Bg4 16. h3 Bh5 17. Rfd1 Qe7 18. g4 Bg6 19. Nxd4 Nxd4 20. Bxd4 Rad8 21. e3 h5 22. Qc3 hxg4 23. hxg4 Qg5 24. Bxg7 Qxg4 25. Rxd8 Rxd8 26. Be5 Re8 27. Bf4 Bf5 28.
Qf6 Bd8 29. Qh6 Re6 30. Qh2 Rg6 31. Bg3 Qe2 32. Bf1 Qxa2 33. Rc5 Qb1 34. Qh5 Bd3 35. Qh3 Bb6 36. Rc8+ Kg7 37. Qh8# 1-0

[Event "Early-Titled-Tuesday-Blitz-March-05-2024"]
[Site "Chess.com"]
[Date "2024.03.05"]
[Round "11"]
[White "francyIM"]
[Black "carlocapau"]
[Result "1-0"]
[WhiteElo "2774"]
[BlackElo "2485"]
[TimeControl "180+1"]
[EndTime "10:08:59 PST"]
[Termination "francyIM won by checkmate"]

1. e4 c5 2. Nf3 Nc6 3. c3 Nf6 4. e5 Nd5 5. d4 cxd4 6. cxd4 d6 7. Bc4 e6 8. O-O Nb6 9. Bb5 Be7 10. Qe2 O-O 11. Rd1 d5 12. Nc3 Bd7 13. h4 Nc4 14. g3 N6a5 15. Bxd7 Qxd7 16. b3 Nb6 17. Bd2 Nc6 18.
Kg2 a5 19. Bg5 Ba3 20. Nb5 Bb4 21. a3 Be7 22. Bxe7 Qxe7 23. Nd6 f6 24. Nb5 fxe5 25. Nxe5 Nd7 26. Nxc6 bxc6 27. Nc7 Rab8 28. Rd3 e5 29. dxe5 Qxe5 30. Qxe5 Nxe5 31. Re3 Ng4 32. Rf3 Rxf3 33. Kxf3 h5 34. Rc1 Rxb3+ 35. Kf4 Rb6 36. f3 Nf6 37. Kf5 Kf7 38. Ne6 g6+ 39. Ke5 Nd7+ 40. Kd6 Nf8 41. Nd8+ Kg7 42. Nxc6 Rb3 43. Ne5 Rxa3 44. Rc7+ Kg8 45.
Ke7 Re3 46. f4 d4 47. Rc8 d3 48. Rxf8+ Kg7 49. Rf7+ Kg8 50. Kf6 Rxg3 51. Nxg6 d2 52. Rg7# 1-0